 Dungeon Crawl Stone Soup version 0.32-a0-933-ga8fa3634e4 (webtiles) character file.

Game seed: 11493254423646803617

1228 Daunt the Cleaver (level 8, -1/56 HPs)
             Began as a Coglin Gladiator on Apr 15, 2024.
             Was a Believer of Beogh.
             Succumbed to a hornet's poison
             ... while paralysed by a hornet
             ... on level 6 of the Dungeon.
             The game lasted 00:16:44 (4076 turns).

Daunt the Cleaver (Coglin Gladiator)                Turns: 4076, Time: 00:16:44

Health: -1/56      AC:  9    Str: 18    XL:     8   Next: 48%
Magic:  8/8        EV:  2    Int:  7    God:    Beogh [**....]
Gold:   112        SH:  0    Dex: 15    Spells: 7/7 levels left

rFire   . . .        k - +0 broad axe {Citlalmina}
rCold   . . .        v - +2 falchion (vamp) {Aníbal}
rNeg    . . .        r - +0 chain mail
rPois   .            c - +0 helmet
rElec   .            (no cloak)
rCorr   .            (no gloves)
SInv    .            (no boots)
Will    .....        (amulet unavailable) Stlth
                     (ring unavailable)
HPRegen 0.29/turn    (ring unavailable)
MPRegen 0.11/turn    (no gizmo)

%: no passive effects
@: paralysed, lethally poisoned (-1 -> -25), slowed, revved
A: off-hand wielding, slow wielding, warmup strikes, no jewellery
a: Invent Gizmo, Renounce Religion, Smiting


You were on level 6 of the Dungeon.
You worshipped Beogh.
Beogh was pleased with you.
You visited 1 branch of the dungeon, and saw 6 of its levels.
You also visited: Sewer.

You collected 255 gold pieces.
You spent 143 gold pieces at shops.

Inventory:

Hand Weapons
 a - a +0 long sword {Jubei}
 k - a +0 broad axe (weapon) {Citlalmina}
 u - a +0 hand axe
 v - a +2 vampiric falchion (offhand) {Aníbal}
 B - a +2 falchion of holy wrath
Missiles
 d - 2 throwing nets (quivered)
 e - a javelin
 h - 40 stones
 t - 2 poisoned darts
Armour
 b - a +0 leather armour
 c - a +0 helmet (worn)
 j - a +0 ring mail
 r - a +0 chain mail (worn)
Scrolls
 g - 5 scrolls of identify {unknown}
 i - 2 scrolls of amnesia {unknown}
 m - a scroll of revelation {unknown}
 p - a scroll of enchant armour {unknown}
 q - a scroll of poison {unknown}
 x - 2 scrolls of teleportation {unknown}
 y - 2 scrolls of fear {unknown}
Potions
 f - a potion of degeneration {unknown}
 l - 3 potions of haste {unknown}
 n - 3 potions of attraction {unknown}
 o - 8 potions of heal wounds
 s - 3 potions of curing
 w - 2 potions of might {unknown}
 z - a potion of enlightenment {unknown}
 A - a potion of berserk rage
 C - 4 potions of cancellation {unknown}
 D - a potion of brilliance {unknown}


   Skills:
 - Level 2.0 Fighting
 - Level 3.9 Long Blades
 + Level 9.5 Axes
 - Level 1.7 Throwing
 - Level 2.6 Dodging


You had 7 spell levels left.
You didn't know any spells.
Your spell library contained the following spells:

 Spells                   Type           Power      Damage    Failure   Level
 Sandblast                Erth           0%         2d4       99%         1
 Stone Arrow              Conj/Erth      0%         3d7       100%        3
 Brom's Barrelling Bould  Conj/Erth      0%         2d3       100%        4
 Alistair's Intoxication  Alch           0%         N/A       100%        5
 Borgnjor's Vile Clutch   Necr/Erth      0%         N/A       100%        5
 Eringya's Noxious Bog    Alch           0%         4d6       100%        6


Dungeon Overview and Level Annotations

Branches:
Dungeon (6/15)             Temple (0/1) D:5           Sewer (visited)

Altars:
Gozag
Beogh

Shops:
D:2 !   D:4 ?


Innate Abilities, Weirdness & Mutations

Your facial features look somewhat orcish.
You can wield a second weapon in your off-hand.
It takes a long time for you to wield or remove held weapons.
Your first few attacks do less damage.
You cannot equip rings or amulets.


Message History

You aren't carrying any items that you can evoke.
Okay, then.
Unknown command.
Press: ? - help, v - describe, . - travel
Here: a hornet The floor.
Unknown command.
You aren't carrying any items that you can evoke.
Press: ? - help, v - describe, . - travel
Here: a hornet The floor.
Unknown command.
You hit the hornet but do no damage.
You hit the hornet with your +2 vampiric falchion.
You feel better.
The hornet stings you but does no damage. x2
The hornet stings you.
You shrug off the repeated paralysis!
You hit the hornet with your +2 vampiric falchion.
The hornet is moderately wounded.
You slash the hornet with your +0 broad axe!
You feel yourself speed up. The hornet stings you!
You are poisoned.
You feel yourself slow down.
The hornet stings you but does no damage.
You closely miss the hornet with your +0 broad axe.
The hornet is severely wounded.
You closely miss the hornet with your +2 vampiric falchion.
You feel very sick. The hornet stings you.
* * * LOW HITPOINT WARNING * * *
You suddenly lose the ability to move!
The hornet stings you.
* * * LOW HITPOINT WARNING * * *
You are lethally poisoned!
You feel as though you will be slow longer.
The hornet stings you!
* * * LOW HITPOINT WARNING * * *
You are more poisoned.
You shrug off the repeated paralysis!
You die...

#.# #####.#### ##
#........#
.#########.....##.#
.'..O..÷)#.....##.#
.#######.#####....#
.# #.#####.#### #
.#######....##.####.#
##...#...##.##.#@y.(#
#.#.#...##....#.#.|#
##.#.'...'.......# .#
.#.###...######### ..
.#.# ##### #. .#.###
# .#...# .###.#
.....#


You could see a hornet.

Vanquished Creatures
  A water moccasin (D:6)
  A black bear (D:5)
  2 ogres
  A phantom (D:6)
  2 centaurs
  A howler monkey (D:4)
  3 hounds (D:5)
  An orc priest (D:3)
  6 jellies
  An iguana (D:6)
  An orc wizard (D:5)
  4 gnolls (D:5)
  7 adders
  2 river rats (Sewer)
  A white imp (D:6)
  6 dart slugs
  7 orcs
  10 ball pythons
  7 bats
  11 endoplasms
  4 giant cockroaches
  5 hobgoblins
  2 jackals (D:4)
  3 quokkas (D:3)
  8 frilled lizards
  9 goblins
  6 kobolds
  10 rats
122 creatures vanquished.

Notes
Turn   | Place    | Note
-------+----------+-------------------------------------------
     0 | D:1      | Daunt the Coglin Gladiator began the quest for the Orb.
     0 | D:1      | Reached XP level 1. HP: 16/16 MP: 1/1
    92 | D:1      | Reached XP level 2. HP: 20/22 MP: 2/2
   330 | D:1      | Reached XP level 3. HP: 26/27 MP: 3/3
   331 | D:1      | Reached skill level 1 in Axes
   527 | D:2      | Found Taoxiow's Distillery.
   951 | D:2      | Bought a potion of heal wounds for 55 gold pieces
   951 | D:2      | Bought a potion of curing for 33 gold pieces
   981 | D:2      | Reached skill level 2 in Axes
  1164 | D:3      | Found a faded altar of an unknown god.
  1196 | D:3      | Reached XP level 4. HP: 33/33 MP: 4/4
  1204 | D:3      | Prayed at the altar of an unknown god.
  1204 | D:3      | Became a worshipper of Beogh the Shepherd
  1204 | D:3      | Reached * piety under Beogh
  1334 | D:3      | Reached skill level 3 in Axes
  1570 | D:3      | Reached XP level 5. HP: 38/38 MP: 5/5
  1842 | D:2      | Bought a potion of berserk rage for 55 gold pieces
  1934 | D:4      | Found Nocs's Magic Scroll Shop.
  2230 | D:4      | Reached skill level 4 in Axes
  2276 | D:4      | Reached ** piety under Beogh
  2472 | D:4      | Found an opulent altar of Gozag.
  2539 | D:5      | Entered Level 5 of the Dungeon
  2561 | D:5      | Reached skill level 5 in Axes
  2561 | D:5      | Reached XP level 6. HP: 28/44 MP: 6/6
  2620 | D:5      | Noticed a black bear
  2625 | D:5      | Killed a black bear
  2670 | D:5      | Reached skill level 6 in Axes
  2723 | D:5      | Found a staircase to the Ecumenical Temple.
  2787 | D:5      | Found a glowing drain.
  2791 | Sewer    | Entered a sewer
  2874 | Sewer    | Reached XP level 7. HP: 50/50 MP: 7/7
  3099 | Sewer    | Found a viscous altar of Jiyva.
  3126 | Sewer    | Reached skill level 7 in Axes
  3303 | D:5      | Reached skill level 8 in Axes
  3436 | D:5      | Reached XP level 8. HP: 53/56 MP: 8/8
  3790 | D:6      | Reached skill level 9 in Axes
  4069 | D:6      | Noticed a hornet
  4070 | D:6      | Paralysed by a hornet for 2 turns
  4075 | D:6      | Paralysed by a hornet for 3 turns
  4076 | D:6      | Succumbed to a hornet's poison

Illustrated notes

Levels and vault maps discovered:
D:1:      psy_arrival_whirlpool, layout_basic
D:2:      layout_loops_ring, serial_shops, shop, minmay_misc_feat_plants,
          serial_bayou_pond_a, minmay_misc_feat_alley,
          minmay_misc_feat_ornament, minmay_split_cup_large
D:3:      layout_rooms, hellmonk_ecumenical_altar_arch_garden, serial_bayou,
          serial_bayou_lagoon_a, serial_bayou_crossing, serial_bayou_shore_a,
          serial_bayou_pond_b
D:4:      layout_loops_ring, grunt_gozag_breadcrumbs, serial_shops, shop
D:5:      nicolae_BIG_FREAKIN_CUBE, layout_gridville,
          minmay_temple_entry_steel_oval,
          mainiacjoe_sewer_entry_somewhere_in_here_2
D:6:      layout_basic, lemuel_round_altar

Skill      XL: |  1  2  3  4  5  6  7  8 |
---------------+-------------------------+-----
Axes           | 2 3 5 6 8 9 |  9.5
Fighting       | |  2.0
Long Blades    | |  3.9
Throwing       | |  1.7
Dodging        | |  2.6

Action                     |  1- 3 |  4- 6 |  7- 9 || total
---------------------------+-------+-------+-------++-------
  Melee: Long sword        |    58 |    84 |       ||   142
         Dagger            |    52 |    18 |       ||    70
         Falchion          |       |    86 |    70 ||   156
         Broad axe         |       |    30 |    70 ||   100
  Throw: Dart              |       |       |     1 ||     1
         Throwing net      |       |       |     1 ||     1
    Use: Potion            |       |     1 |       ||     1
   Stab: Sleeping          |     1 |       |       ||     1
 Armour: Leather armour    |     5 |       |       ||     5
         Ring mail         |     9 |       |       ||     9
         Chain mail        |    15 |   106 |    84 ||   205
  Dodge: Dodged            |    34 |    41 |    24 ||    99

Table legend: (Time is in decaauts)
 A = Elapsed time spent in this place.
 B = Non-inter-level travel time spent in this place.
 C = Inter-level travel time spent in this place.
 D = Time resting spent in this place.
 E = Time spent auto-exploring this place.
 F = Levels seen in this place.
 G = Mean time per level.
                   A        B        C        D        E       F      G
               +--------+--------+--------+--------+--------+-----+--------+
         Total |   4175 |   3964 |    211 |    137 |   2724 |   7 |  596.4 |
       Dungeon |   3784 |   3573 |    211 |     24 |   2707 |   6 |  630.7 |
         Sewer |    390 |    390 |      0 |    113 |     17 |   1 |  390.0 |
               +--------+--------+--------+--------+--------+-----+--------+

Top non-repeatable levels by time:
     D:5: 853 daAuts
     D:3: 732 daAuts
     D:4: 674 daAuts
     D:2: 659 daAuts
     D:1: 512 daAuts
   Sewer: 390 daAuts
     D:6: 352 daAuts
